 Dungeon Crawl Stone Soup version 0.26-a0-651-gb41185065b (webtiles) character file.

Game seed: 12295271606147016980

820 Irenicus the Cleaver (level 7, -1/60 HPs)
             Began as a Deep Dwarf Gladiator on Oct 4, 2020.
             Shot with an arrow by a centaur (2 damage)
             ... on level 5 of the Dungeon.
             The game lasted 00:19:13 (2356 turns).

Irenicus the Cleaver (Deep Dwarf Gladiator)         Turns: 2356, Time: 00:19:14

Health: -1/60      AC: 10    Str: 18    XL:     7   Next: 63%
Magic:  7/7        EV: 12    Int:  8    God:
Gold:   300        SH:  0    Dex: 16    Spells: 6/6 levels left

rFire    + . .     SeeInvis .   a - +0 war axe
rCold    . . .     Faith    .   (no shield)
rNeg     . . .     Spirit   .   o - +0 ring mail
rPois    .         Reflect  .   c - +0 helmet
rElec    .         Harm     .   (no cloak)
rCorr    .         Rampage  .   (no gloves)
MR       +....                  (no boots)
Stlth    +.........             (no amulet)
HPRegen  0.00/turn              r - +4 ring of protection
MPRegen  0.10/turn              u - ring of protection from fire {rF+, !d}

@: non-regenerating
A: damage resistance, heal wounds, sense surroundings 1, no regeneration
a: Heal Wounds


You were on level 5 of the Dungeon.
You visited 1 branch of the dungeon, and saw 5 of its levels.
You also visited: Sewer.

You collected 300 gold pieces.

Inventory:

Hand Weapons
 a - a +0 war axe (weapon)
 j - a +3 whip of freezing
   (You took it off a kobold on level 3 of the Dungeon)
 m - the +7 hunting sling of Certain Death {speed, Str+2}
   (You found it on level 4 of the Dungeon)

   Attacks with this weapon are significantly faster.
   It affects your strength (+2).
 s - a +0 hand axe
   (You took it off an orc on level 3 of the Dungeon)
Missiles
 d - 3 throwing nets {=f, !d}
Armour
 b - a +0 leather armour
 c - a +0 helmet (worn)
 o - a +0 ring mail (worn)
   (You found it on level 2 of the Dungeon)
 x - the cursed +0 robe of Evolution {Int+2, unknown}
   (You found it on level 4 of the Dungeon)

   It affects your intelligence (+2).
   It has a curse placed upon it.
 y - a cursed +0 pair of boots
   (You found it on level 4 of the Dungeon)
Jewellery
 r - a +4 ring of protection (left hand)
   (You found it on level 3 of the Dungeon)
 u - a ring of protection from fire (right hand) {rF+, !d}
   (You found it on level 3 of the Dungeon)
Wands
 q - a wand of flame (13)
   (You found it on level 3 of the Dungeon)
Scrolls
 h - 2 scrolls of remove curse
 i - 2 scrolls of fog
 l - a scroll of fear
Potions
 e - 2 potions of curing
 f - 3 potions of invisibility
 g - a potion of might {unknown}
 k - 3 potions of haste
 n - 2 potions of cancellation {unknown}
 p - a potion of mutation {!q}
 v - a potion of flight


   Skills:
 - Level 2.1 Fighting
 + Level 9.7 Axes
 * Level 1.5(2.1) Slings
 - Level 1.7(2.0) Throwing
 - Level 3.2 Dodging


You had 6 spell levels left.
You didn't know any spells.
Your spell library was empty.

Dungeon Overview and Level Annotations

Branches:
Dungeon (5/15)              Sewer (visited)
 Temple: D:4-7

Altars:
Ashenzari
Cheibriados
Gozag
Hepliaklqana
Ru

Shops:
D:2 *


Innate Abilities, Weirdness & Mutations

You are resistant to damage.
You can heal yourself by infusing magical energy.
You passively map a small area around you.
You do not regenerate.


Message History

The gnoll hits you.
* * * LOW HITPOINT WARNING * * *
You take 1 damage, and have 8/60 hp.
You barely miss the gnoll.
The gnoll is severely wounded.
The gnoll closely misses you.
You slash the gnoll!
You kill the gnoll!
You hit the gnoll.
The gnoll is heavily wounded.
The gnoll hits you with a +0 flail.
Evoke which item? (* to show all) (? for menu, Esc to quit)
Okay, then.
You feel better. The gnoll hits you but does no damage.
The gnoll barely misses you.
You regained 6 hp, and now have 14/60 hp.
You hit the gnoll.
You kill the gnoll!
The gnoll closely misses you.
It was a potion of heal wounds.
You feel much better.
The gnoll hits you from afar with a +0 spear.
You regained 21 hp, and now have 35/60 hp.
The gnoll misses you.
Things that are here:
a +0 flail; a gnoll corpse You slash the gnoll!
The gnoll is severely wounded.
The gnoll hits you with a +0 spear!
You take 5 damage, and have 30/60 hp.
You barely miss the gnoll.
The gnoll is severely wounded.
The gnoll closely misses you.
You slash the gnoll!
You kill the gnoll!
Press: ? - help, v - describe, . - travel, g - get item
Here: a gnoll, wielding a -1 flail Item here: a +0 spear.
The floor.
Unknown command.
You hit the gnoll.
The gnoll is moderately wounded.
The gnoll barely misses you.
You hit the gnoll but do no damage.
The gnoll is lightly wounded.
The gnoll completely misses you.
You hit the gnoll.
The gnoll is heavily wounded.
The gnoll hits you but does no damage.
You barely miss the gnoll.
The gnoll is heavily wounded.
The gnoll barely misses you.
You closely miss the gnoll.
The gnoll is heavily wounded.
The gnoll hits you but does no damage.
You closely miss the gnoll.
The gnoll is heavily wounded.
You hit the gnoll but do no damage.
The gnoll is heavily wounded.
The gnoll hits you with a cursed -1 flail!
You take 6 damage, and have 24/60 hp.
You hit the gnoll.
The gnoll is almost dead.
The gnoll hits you with a cursed -1 flail!
* * * LOW HITPOINT WARNING * * *
You take 8 damage, and have 16/60 hp.
You slash the gnoll!
You kill the gnoll!
Things that are here:
a cursed -1 flail; a +0 spear; a gnoll corpse You see here a stone.
You see here a worker ant corpse.
There is a stone staircase leading up here.
You see here 2 cyan potions.
n - 2 cyan potions You see here 17 gold pieces.
You now have 300 gold pieces (gained 17).
There is a stone staircase leading up here.
You see here a scroll labeled RICADOVEIGG.
t - a scroll labeled RICADOVEIGG
As you read the scroll labeled RICADOVEIGG, it crumbles to dust.
Your body is wracked with pain!
* * * LOW HITPOINT WARNING * * *
It was a scroll of torment.
You take 6 damage, and have 10/60 hp.
You see here a scroll of fog.
i - 2 scrolls of fog (gained 1) Autopickup is now on.
There is a stone staircase leading up here.
A centaur comes into view.
The centaur shouts!
The centaur wields a +0 shortbow of flaming.
It bursts into flame!
The centaur shoots an arrow.
The arrow hits you!
* * * LOW HITPOINT WARNING * * *
You see here an arrow.
You take 5 damage, and have 5/60 hp.
The centaur shoots an arrow.
The arrow misses you.
The centaur shoots an arrow.
The arrow hits you.
* * * LOW HITPOINT WARNING * * *
The centaur shoots an arrow.
The arrow hits you.
You die...

,.., *#..# #.# #
#.#** *#.<# #.# #.#.#
#..######.# *
##.#.######.........#
#<,.....##...........
*
#..#.##.##.......####
,
###..#.##.##.......#
# *
#.c.....((.........#
#
#.#..#@##.##.<.....#
# , #,
#.##.##.......# # ,
.....##.......# # , *
##.########.#### # ,
..# #.# # , ###
#.####### * #........
#########


You could see a centaur.

Vanquished Creatures
  A phantom (D:4)
  3 big kobolds
  2 scorpions (D:4)
  An orc priest (D:4)
  4 worker ants
  A hound skeleton (D:4)
  12 gnolls
  3 adders (D:3)
  A river rat (Sewer)
  An ooze (D:1)
  A dart slug (D:3)
  4 leopard geckos
  14 orcs
  9 bats
  6 giant cockroaches
  13 goblins
  8 hobgoblins
  3 jackals
  17 kobolds
  A ball python (D:1)
  2 frilled lizards (D:3)
  16 rats
123 creatures vanquished.

Vanquished Creatures (others)
  14 plants (D:3)
14 creatures vanquished.

Grand Total: 137 creatures vanquished

Notes
Turn   | Place    | Note
-------+----------+-------------------------------------------
     0 | D:1      | Irenicus the Deep Dwarf Gladiator began the quest for the
                  | Orb.
     0 | D:1      | Reached XP level 1. HP: 19/19 MP: 1/1
   125 | D:1      | Reached XP level 2. HP: 23/26 MP: 2/2
   132 | D:1      | Reached skill level 4 in Axes
   578 | D:2      | Found a hazy altar of Hepliaklqana.
   603 | D:2      | Reached XP level 3. HP: 23/32 MP: 3/3
   615 | D:2      | Found a broken altar of Ashenzari.
   617 | D:2      | Reached skill level 5 in Axes
   683 | D:2      | Found an opulent altar of Gozag.
   692 | D:2      | Found Gozag's Platinum Reserve.
   829 | D:3      | Reached XP level 4. HP: 24/39 MP: 4/4
   919 | D:3      | Reached skill level 6 in Axes
   999 | D:3      | Found a snail-covered altar of Cheibriados.
  1066 | D:3      | Reached XP level 5. HP: 41/45 MP: 5/5
  1331 | D:4      | Reached skill level 2 in Fighting
  1437 | D:4      | Found a glowing drain.
  1458 | Sewer    | Entered a sewer
  1525 | Sewer    | Reached skill level 7 in Axes
  1525 | Sewer    | Reached XP level 6. HP: 30/52 MP: 6/6
  1545 | Sewer    | Found a white marble altar of Elyvilon.
  1652 | D:4      | Reached skill level 8 in Axes
  1788 | D:4      | HP: 11/52 [phantom (5)]
  1800 | D:4      | Found a sacrificial altar of Ru.
  1830 | D:4      | HP: 9/52 [phantom (2)]
  1853 | D:4      | Reached XP level 7. HP: 20/60 MP: 7/7
  1933 | D:4      | Reached skill level 9 in Axes
  1938 | D:4      | Got a faintly glowing hunting sling
  1951 | D:4      | Identified the +7 hunting sling of Certain Death {speed,
                  | Str+2} (You found it on level 4 of the Dungeon)
  1975 | D:4      | Got a faintly glowing robe
  2017 | D:4      | HP: 10/60 [scorpion (6)]
  2023 | D:4      | HP: 2/60 [orc/+0 morningstar (8)]
  2257 | D:5      | Entered Level 5 of the Dungeon
  2262 | D:5      | HP: 9/60 [worker ant (1)]
  2264 | D:5      | Reached skill level 1 in Slings
  2272 | D:5      | HP: 8/60 [gnoll (1)]
  2319 | D:5      | HP: 10/60 [/a scroll of torment (6)]
  2354 | D:5      | HP: 5/60 [centaur/arrow (5)]
  2356 | D:5      | HP: 1/60 [centaur/arrow (4)]
  2356 | D:5      | Shot with an arrow by a centaur

Illustrated notes

Levels and vault maps discovered:
D:1:      minmay_arrival_checkered_box, layout_rooms,
          wander_ebering_terrifying_dragon_lair
D:2:      layout_basic, nicolae_gozag_zags_fifth_avenue,
          nicolae_overflow_hidden_temple, ashenzari_altar_1,
          chequers_serial_rivers_small_b
D:3:      layout_rooms, kennysheep_slug_shrine, serial_bayou,
          serial_bayou_crossing, serial_bayou_pond_b, serial_bayou_lake_a,
          serial_bayou_pond_c, serial_bayou_pond_b,
          chequers_hall_statues_corner_a, minmay_goblin_outpost
D:4:      cheibrodos_thug_alley, layout_basic, nicolae_overflow_crystal_walls,
          portal_sewer_entry_f, sigmund_army, uniq_eustachio
D:5:      layout_loops_ring, uniq_duvessa

Skill      XL: |  1  2  3  4  5  6  7 |
---------------+----------------------+-----
Axes           | 4 5 6 7 8 9 |  9.7
Fighting       | 2 |  2.1
Slings         | 1 |  1.5
Throwing       | |  1.7
Dodging        | |  3.2

Action                   |  1- 3 |  4- 6 |  7- 9 || total
-------------------------+-------+-------+-------++-------
Melee: War axe           |    80 |   104 |    47 ||   231
       Whip              |       |    89 |       ||    89
       Hand axe          |       |       |    11 ||    11
 Fire: Hunting sling     |       |       |    23 ||    23
Evoke: Wand              |       |     5 |       ||     5
  Use: Scroll            |       |    10 |     2 ||    12
       Potion            |       |     2 |     4 ||     6
Armor: Leather armour    |    12 |       |       ||    12
       Ring mail         |    18 |    82 |    18 ||   118
Dodge: Dodged            |    81 |   149 |    35 ||   265

Table legend: (Time is in decaauts)
 A = Elapsed time spent in this place.
 B = Non-inter-level travel time spent in this place.
 C = Inter-level travel time spent in this place.
 D = Time resting spent in this place.
 E = Time spent auto-exploring this place.
 F = Levels seen in this place.
 G = Mean time per level.
                   A        B        C        D        E       F      G
               +--------+--------+--------+--------+--------+-----+--------+
         Total |   2433 |   2433 |      0 |      0 |      0 |   6 |  405.5 |
       Dungeon |   2289 |   2289 |      0 |      0 |      0 |   5 |  457.8 |
         Sewer |    143 |    143 |      0 |      0 |      0 |   1 |  143.0 |
               +--------+--------+--------+--------+--------+-----+--------+

Top non-repeatable levels by time:
     D:4: 789 daAuts
     D:3: 550 daAuts
     D:2: 470 daAuts
     D:1: 381 daAuts
   Sewer: 143 daAuts
     D:5: 98 daAuts

Table legend:
 A = Kills in this place as a percentage of kills in entire the game.
 B = Kills by you in this place as a percentage of kills by you in the entire game.
 C = Kills by friends in this place as a percentage of kills by friends in the entire game.
 D = Other kills in this place as a percentage of other kills in the entire game.
 E = Experience gained in this place as a percentage of experience gained in the entire game.
 F = Experience gained in this place divided by the number of levels of this place that you have seen.
                   A       B       C       D       E      F
               +-------+-------+-------+-------+-------+----------------------
         Total | 100.0 | 100.0 |   N/A |   N/A | 100.0 | 195.3
       Dungeon |  91.9 |  91.9 |   N/A |   N/A |  89.7 | 210.2
         Sewer |   8.1 |   8.1 |   N/A |   N/A |  10.3 | 121.0
               +-------+-------+-------+-------+-------+----------------------
